Map: Para Site LE

Players

Rogue - Winner!

  • Race: Zerg Zerg
  • Spawn Location: 11:00

Serral

  • Race: Zerg Zerg
  • Spawn Location: 5:00

Event: 2018 WCS Global Finals

VOD

Have the link to the VOD?

Description

Time

  • Played on: Nov. 3, 2018, 5:24 p.m.
  • Length: 5:46

All games in this series

Show
View Real Time Build Order
Export as new Build Order

Rogue Zerg - Winner!

Build Orders: Hatch First 

Get SALT Encoding   

  12  0:00  Drone  
  13  0:12  Overlord  
  13  0:16  Drone  
  14  0:30  Drone x2  
  16  0:36  Drone  
  17  0:51  Hatchery  
  17  0:53  Drone  
  17  0:59  Drone  
  18  1:07  Extractor  
  17  1:12  Spawning Pool  
  17  1:15  Drone  
  17  1:17  Drone  
  18  1:28  Drone  
  19  1:39  Drone  
  20  1:49  Overlord  
  20  1:58  Queen  
  22  2:02  Queen  
  22  2:04  Drone x2  
  22  2:07  Metabolic Boost  
  26  2:12  Drone  
  26  2:15  Drone  
  28  2:23  Drone  
  28  2:24  Zergling x2  
  30  2:33  Hatchery  
  29  2:38  Zergling x2  
  29  2:41  Evolution Chamber  
  29  2:44  Zergling x2  
  29  2:47  Drone x2  
  32  2:55  Overlord  
  32  3:07  Zergling x8  
  35  3:15  Zergling x10  
  35  3:16  Baneling Nest  
  38  3:20  Zergling x2  
  34  3:27  Zergling x2  
  34  3:32  Zergling x2  
  31  3:37  Zerg Ground Armor Level 1  
  31  3:39  Zergling x4  
  33  3:42  Queen  
  33  3:46  Zergling x2  
  36  3:51  Zergling x2  
  37  3:56  Zergling x2  
  37  3:59  Baneling x2  
  37  4:01  Zergling x2  
  39  4:05  Baneling x2  
  39  4:11  Zergling x4  
  41  4:18  Overlord  
  41  4:21  Baneling x2  
  41  4:22  Zergling x2  
  41  4:28  Zergling x4  
  41  4:29  Baneling  
  43  4:34  Zergling x2  
  43  4:37  Zergling x2  
  43  4:41  Zergling x2  
  43  4:43  Zergling x2  
  38  4:51  Zergling x6  
  40  4:56  Zergling x2  
  41  5:02  Zergling x2  
  41  5:07  Zergling x6  
  41  5:09  Baneling  
  41  5:12  Zergling x2  
  45  5:17  Zergling x4  
  47  5:24  Zergling x2  
Show
View Real Time Build Order
Export as new Build Order

Serral Zerg 

Build Orders: Hatch First 

Get SALT Encoding   

  12  0:00  Drone  
  13  0:08  Drone  
  14  0:15  Drone, Extractor  
  15  0:37  Hatchery  
  14  0:45  Drone, Extractor  
  14  0:57  Spawning Pool  
  14  1:02  Drone  
  14  1:10  Drone, Extractor  
  15  1:16  Overlord  
  15  1:35  Drone  
  16  1:45  Metabolic Boost, Queen  
  16  1:46  Zergling x2  
  19  1:51  Zergling x2  
  20  2:00  Queen  
  22  2:06  Overlord  
  22  2:10  Zergling x2  
  22  2:13  Zergling x2  
  24  2:16  Zergling x2  
  24  2:19  Zergling x2  
  26  2:23  Zergling x2  
  26  2:25  Zergling x2  
  26  2:29  Zergling x2  
  29  2:34  Zergling x2  
  30  2:40  Zergling x2  
  31  2:47  Zergling x2  
  32  2:51  Zergling x2  
  32  2:56  Overlord  
  32  2:57  Zergling x6  
  36  3:17  Zergling x12  
  41  3:26  Zergling x4  
  40  3:28  Zergling x4  
  40  3:32  Zergling x2  
  39  3:36  Zergling x2  
  39  3:39  Zergling x2  
  39  3:42  Zergling x2  
  39  3:45  Zergling x2  
  41  3:52  Zergling x4  
  41  3:54  Zergling x2  
  43  4:04  Overlord  
  43  4:10  Overlord  
  43  4:19  Zergling x2  
  43  4:21  Zergling x4  
  44  4:24  Zergling x2  
  44  4:26  Zergling x2  
  44  4:29  Zergling x2  
  45  4:33  Zergling x2  
  45  4:36  Zergling x2  
  42  4:42  Zergling x2  
  40  4:51  Zergling x2  
  40  4:52  Baneling Nest  
  40  4:55  Zergling x2  
  41  5:06  Zergling x4  
  42  5:10  Zergling x2  
  43  5:18  Zergling x4  
  45  5:25  Zergling x4  
Tags
 
Add a new tag
Caveats
  • Supply blocks, unpowered buildings, or Contaminate may cause inaccurate times.
  • Supply counts are checked every 10 seconds.